 Dungeon Crawl Stone Soup version 0.18.1-6-gd335043 (webtiles) character file.

94 DeXoteric the Ruffian (level 4, -4/36 HPs)
             Began as a Ghoul Warper on May 16, 2016.
             Slain by a gnoll
             ... wielding a +0 halberd
              (11 damage)
             ... on level 1 of the Dungeon.
             The game lasted 00:05:50 (1945 turns).

DeXoteric the Ruffian (Ghoul Warper)                Turns: 1945, Time: 00:05:50

Health: -4/36      AC:  6    Str: 15    XL:     4   Next: 63%
Magic:  5/5        EV:  9    Int:  8    God:
Gold:   89         SH:  0    Dex:  8    Spells: 1 memorised, 5 levels left

rFire  . . .     SeeInvis .       - Unarmed
rCold  + . .     Gourm    .     l - +0 scale mail
rNeg   + + +     Faith    .     (no shield)
rPois  ∞         Spirit   .     (no helmet)
rElec  .         Dismiss  .     (no cloak)
rCorr  .         Reflect  .     (no gloves)
SustAt .         Harm     .     (no boots)
MR     .....                    (no amulet)
Stlth  ..........               (no ring)
                                (no ring)

@: rotting, not resistant to hostile enchantments, extremely unstealthy
A: rotting body, claws 1, carnivore 3, cold resistance 1, negative energy
resistance 3, slow regeneration 1, torment resistance, unbreathing
a: no special abilities


You were on level 1 of the Dungeon.
You were not hungry.

You visited 1 branch of the dungeon, and saw 3 of its levels.

You collected 89 gold pieces.

Inventory:

Missiles
 d - 5 tomahawks of dispersal (quivered)
Armour
 a - a +0 leather armour
 l - a +0 scale mail (worn)
Scrolls
 c - a scroll of blinking
 e - a scroll of teleportation {unknown}
 j - a scroll of immolation {unknown}
 k - a scroll of fog {unknown}
 n - a scroll of remove curse {unknown}
 o - a scroll of magic mapping {unknown}
Potions
 g - a potion of resistance {unknown}
 h - 2 potions of berserk rage {unknown}
 i - a potion of curing {unknown}
 q - 2 potions of lignification {unknown}
Books
 b - a book of Spatial Translocations

   Spells                             Type                      Level
   a - Apportation                    Translocation                1
   b - Blink                          Translocation                2
   c - Shroud of Golubria             Charms/Translocation         2
   d - Portal Projectile              Translocation                3
   e - Teleport Other                 Translocation                3
   f - Passage of Golubria            Translocation                4
Comestibles
 f - a meat ration
 m - a royal jelly
 p - 3 beef jerkies
 r - a chunk of flesh


   Skills:
 - Level 2.1 Fighting
 - Level 0.8 Throwing
 - Level 0.8 Armour
 - Level 1.7 Dodging
 + Level 5.2 Unarmed Combat
 - Level 1.7 Spellcasting
 - Level 2.6 Translocations


You had 5 spell levels left.
You knew the following spells:

 Your Spells              Type           Power        Failure   Level  Hunger
a - Apportation           Tloc           #.........   54%         1    ##.....


Dungeon Overview and Level Annotations

Branches:
Dungeon (3/15)

Altars:
Qazlal


Innate Abilities, Weirdness & Mutations

Your body is rotting away.
You thrive on raw meat.
You are immune to poison.
You have sharp fingernails.
You are carnivorous and can eat meat at any time.
Your flesh is cold resistant.
You are immune to negative energy.
You regenerate slowly when monsters are visible.
You are immune to unholy pain and torment.
You can survive without breathing.


Message History

The gnoll hits you from afar with a spear.
You climb upwards.
There is a stone staircase leading down here.
You scratch the gnoll.
The gnoll is lightly wounded.
The gnoll hits you with a halberd!
* * * LOW HITPOINT WARNING * * *
You barely miss the gnoll.
The gnoll is lightly wounded.
The gnoll hits you with a halberd!
* * * LOW HITPOINT WARNING * * *
You are too injured to fight recklessly!
You are too injured to fight recklessly!
The gnoll hits you from afar with a halberd.
* * * LOW HITPOINT WARNING * * *
Eat one of 2 chunks of flesh? (ye/n/q/i?)
You feel more resilient.
This raw flesh tastes great!
You continue eating.
The gnoll hits you from afar with a halberd!
You die...

.............#..#.........# #....
.......................#### #....
.......÷....##..##.....# ####....
............##.........# #.......
..#...................####.).....
..............=.......##.........
......................##.........
....#......#..........##......###
..####.....#....n......########..
...........#...##.[....# #...
.....#.....#......g....# #..<
.....#.....#.#.#..(....# #...
.....#.......#.#...####### ##..
..####.....###.#(..###...## ##'
..## ##....###.#...##.....### #..
...# #...........###.....'.# #.⌠
...####.........(.# #.....#.###.#


You could see a gnoll.

Vanquished Creatures
  3 adders (D:2)
  An ooze (D:1)
  2 dart slugs
  2 giant geckos
  5 giant cockroaches (D:2)
  5 goblins
  10 hobgoblins
  4 jackals (D:2)
  6 kobolds
  2 quokkas (D:2)
  7 bats
  3 giant newts (D:1)
  5 rats
55 creatures vanquished.

Notes
Turn   | Place    | Note
--------------------------------------------------------------
     0 | D:1      | DeXoteric the Ghoul Warper began the quest for the Orb.
     0 | D:1      | Reached XP level 1. HP: 17/17 MP: 2/2
   224 | D:1      | Reached XP level 2. HP: 19/24 MP: 3/3
   225 | D:1      | Reached skill level 3 in Unarmed Combat
   698 | D:1      | Reached XP level 3. HP: 29/29 MP: 4/4
   973 | D:2      | Reached skill level 4 in Unarmed Combat
  1098 | D:2      | Found a stormy altar of Qazlal.
  1262 | D:2      | Reached XP level 4. HP: 31/36 MP: 5/5
  1339 | D:2      | Reached skill level 5 in Unarmed Combat
  1945 | D:1      | Slain by a gnoll

Skill      XL: |  1  2  3  4 |
---------------+-------------+-----
Unarmed Combat | 3 4 5 |  5.2
Fighting       | |  2.1
Throwing       | |  0.8
Armour         | |  0.8
Dodging        | |  1.7
Spellcasting   | |  1.7
Translocations | |  2.6

Action                   |  1- 3 |  4- 6 || total
-------------------------+-------+-------++-------
Melee: Unarmed           |   128 |    72 ||   200
       Punch             |     1 |     2 ||     3
  Eat: Chunk             |     2 |     5 ||     7
Armor: Leather armour    |    28 |       ||    28
       Scale mail        |    17 |    35 ||    52
Dodge: Dodged            |    95 |    46 ||   141
